Map: Incorporeal LE

Players

FalconsSolar (Solar)

  • Race: Zerg Zerg
  • Spawn Location: 11:00

Reynor - Winner!

  • Race: Zerg Zerg
  • Spawn Location: 5:00

Event: DreamHack Dallas 2025

VOD

Have the link to the VOD?

Description

Time

  • Played on: May 24, 2025, 7:31 p.m.
  • Length: 13:13

All games in this series

Show
View Real Time Build Order
Export as new Build Order

FalconsSolar Zerg 

Build Orders: Hatch First 

Get SALT Encoding   

  12  0:00  Drone  
  13  0:08  Drone  
  14  0:14  Drone, Extractor  
  15  0:22  Overlord  
  15  0:40  Drone  
  16  0:45  Hatchery  
  16  0:49  Drone  
  16  0:53  Drone  
  16  0:56  Drone  
  18  1:07  Extractor  
  17  1:12  Spawning Pool  
  17  1:14  Drone  
  17  1:18  Drone  
  18  1:26  Drone  
  19  1:37  Drone  
  20  1:47  Drone  
  21  1:58  Queen x2  
  21  1:59  Zergling x2, Overlord  
  26  2:08  Drone  
  27  2:09  Drone  
  27  2:11  Metabolic Boost  
  28  2:18  Zergling x2  
  28  2:20  Drone  
  30  2:32  Hatchery  
  30  2:34  Drone  
  30  2:38  Drone  
  30  2:43  Baneling Nest  
  30  2:48  Drone  
  31  2:53  Overlord  
  31  2:54  Drone x2  
  33  3:01  Zergling x2  
  33  3:03  Drone  
  35  3:07  Zergling x2  
  35  3:12  Drone x4  
  40  3:13  Zergling x2  
  40  3:16  Evolution Chamber  
  40  3:18  Drone  
  41  3:22  Overlord  
  42  3:27  Drone  
  42  3:31  Drone  
  43  3:40  Queen  
  45  3:41  Drone x4  
  45  3:45  Zerg Missile Weapons Level 1  
  45  3:46  Drone  
  45  3:48  Drone  
  51  3:51  Zergling x2, Baneling  
  52  3:55  Baneling  
  52  3:57  Roach Warren  
  52  3:58  Extractor  
  52  3:59  Zergling x2  
  52  4:02  Zergling x2  
  52  4:05  Zergling x4  
  52  4:10  Queen  
  52  4:14  Overlord  
  52  4:16  Zergling x4  
  56  4:23  Drone x2  
  58  4:26  Overlord  
  58  4:30  Overlord  
  58  4:33  Drone x2  
  58  4:34  Drone  
  58  4:35  Overlord  
  61  4:39  Roach x2  
  61  4:43  Roach x2  
  65  4:46  Extractor  
  65  4:49  Roach  
  65  4:53  Roach x2  
  65  4:54  Roach  
  65  4:56  Roach  
  65  4:59  Roach  
  75  5:01  Roach  
  75  5:03  Roach  
  75  5:04  Baneling  
  79  5:07  Overlord  
  79  5:11  Roach  
  79  5:14  Overlord  
  81  5:16  Overlord  
  81  5:18  Roach  
  81  5:20  Roach  
  85  5:22  Roach  
  85  5:24  Overlord  
  85  5:28  Zergling x4  
  89  5:29  Ravager  
  89  5:31  Zergling x4  
  89  5:35  Roach  
  94  5:36  Zergling x2  
  94  5:39  Zergling x4  
  96  5:43  Zergling x6  
  96  5:45  Baneling x3  
  96  5:47  Zergling x2  
  100  5:52  Zergling x6  
  100  5:56  Baneling x3  
  103  5:57  Zergling x2  
  103  6:03  Zergling x8  
  108  6:10  Lair  
  102  6:16  Drone x3  
  102  6:17  Drone x2  
  100  6:19  Drone  
  100  6:20  Drone x2  
  100  6:23  Drone  
  102  6:25  Drone  
  102  6:28  Drone x2  
  102  6:30  Drone x2  
  103  6:33  Drone  
  103  6:37  Drone  
  100  6:40  Roach x3  
  100  6:43  Drone  
  100  6:44  Drone  
  100  6:46  Extractor  
  104  6:47  Overlord  
  104  6:49  Roach  
  105  6:56  Extractor  
  105  6:57  Drone x2  
  105  6:59  Overlord  
  105  7:00  Roach x3  
  112  7:02  Drone x2, Extractor  
  112  7:03  Drone  
  112  7:05  Drone  
  112  7:07  Drone x2  
  117  7:13  Spire  
  117  7:14  Glial Reconstitution  
  116  7:16  Overseer  
  116  7:20  Roach x2  
  116  7:21  Drone  
  120  7:23  Roach  
  120  7:27  Roach x2  
  120  7:29  Overlord  
  126  7:32  Roach  
  126  7:34  Overlord  
  126  7:36  Overlord  
  128  7:41  Roach  
  130  7:45  Drone x3  
  130  7:48  Overlord  
  133  7:55  Roach x2  
  137  8:00  Hatchery  
  137  8:01  Overlord  
  136  8:06  Roach x3  
  136  8:07  Roach x2  
  136  8:10  Overlord  
  146  8:15  Drone  
  146  8:16  Drone  
  148  8:22  Zerg Missile Weapons Level 2  
  148  8:26  Mutalisk x6  
  158  8:29  Mutalisk  
  158  8:34  Extractor, Roach x2  
  162  8:38  Roach x3  
  168  8:41  Roach x2  
  168  8:45  Overlord  
  170  8:50  Roach x2  
  170  8:53  Roach x2  
  178  8:56  Roach  
  178  8:58  Roach  
  178  9:00  Roach  
  178  9:02  Overlord  
  184  9:03  Roach  
  186  9:10  Roach x3  
  186  9:12  Roach  
  186  9:13  Roach  
  186  9:16  Roach  
  198  9:31  Roach  
  196  9:35  Roach  
  196  9:36  Roach x7  
  196  9:38  Roach x2  
  189  9:39  Roach x2  
  189  9:45  Zergling x12, Centrifugal Hooks  
  180  9:49  Zergling x6  
  180  9:50  Zergling x2  
  185  9:58  Zergling x6  
  188  10:02  Zergling x2  
  188  10:03  Ravager  
  188  10:04  Ravager  
  188  10:05  Overseer  
  191  10:11  Baneling x13  
  191  10:12  Baneling x7  
  191  10:15  Roach  
  191  10:16  Roach x3  
  191  10:18  Ravager  
  191  10:20  Baneling x6  
  200  10:21  Baneling  
  200  10:23  Baneling  
  200  10:31  Roach x3  
  200  10:32  Roach x5  
  200  10:34  Roach  
  186  10:36  Roach  
  186  10:38  Roach  
  186  10:40  Roach  
  186  10:41  Roach  
  164  10:44  Roach  
  164  10:45  Roach  
  164  10:49  Roach x2  
  147  10:51  Roach  
  147  10:52  Roach  
  147  10:54  Roach  
  130  11:00  Roach x3  
  130  11:03  Roach x2  
  125  11:06  Ravager, Roach  
  125  11:08  Roach  
  121  11:12  Roach  
  121  11:13  Ravager  
  121  11:15  Roach  
  121  11:17  Roach  
  128  11:20  Roach x2  
  128  11:24  Roach x2  
  136  11:27  Roach  
  136  11:29  Roach  
  136  11:32  Zergling x6  
  143  11:35  Zergling x2  
  143  11:37  Zergling x4  
  146  11:40  Zergling x2  
  146  11:44  Zergling x2  
  146  11:45  Zergling x6  
  147  11:47  Zergling x2  
  147  11:48  Zergling x2  
  147  11:49  Zergling x2  
  147  11:50  Overseer  
  147  11:52  Zergling x4  
  149  11:58  Zergling x8  
  150  12:05  Baneling x9  
  150  12:08  Baneling x4  
  148  12:14  Roach x2  
  147  12:15  Baneling  
  147  12:16  Baneling x3  
  147  12:18  Baneling x3  
  146  12:25  Baneling x9  
  146  12:28  Roach  
  146  12:33  Roach  
  146  12:34  Roach  
  146  12:36  Roach  
  150  12:38  Roach  
  150  12:42  Roach  
  150  12:43  Roach  
  156  12:46  Roach  
  156  12:48  Roach  
  156  12:49  Baneling  
  156  12:50  Baneling x3  
  160  12:52  Roach  
  160  12:54  Baneling x3  
Show
View Real Time Build Order
Export as new Build Order

Reynor Zerg - Winner!

Build Orders: Hatch First 

Get SALT Encoding   

  12  0:00  Drone  
  13  0:08  Drone  
  13  0:14  Drone, Extractor  
  13  0:21  Overlord  
  15  0:41  Drone  
  16  0:45  Hatchery  
  16  0:48  Drone  
  16  0:52  Drone  
  16  0:56  Drone  
  18  1:05  Extractor  
  17  1:11  Spawning Pool  
  17  1:14  Drone  
  17  1:17  Drone  
  18  1:26  Drone  
  19  1:37  Drone  
  20  1:48  Drone  
  21  1:57  Queen  
  21  1:58  Overlord, Queen  
  21  2:00  Zergling x2  
  26  2:07  Drone  
  27  2:09  Drone  
  27  2:12  Metabolic Boost  
  28  2:19  Zergling x2  
  28  2:20  Drone  
  30  2:29  Drone  
  31  2:30  Drone  
  32  2:38  Hatchery  
  32  2:41  Drone  
  32  2:44  Drone  
  33  2:52  Baneling Nest  
  33  2:53  Overlord  
  33  2:56  Drone  
  33  3:01  Drone  
  33  3:06  Drone  
  33  3:07  Drone  
  35  3:13  Zergling x6  
  35  3:15  Overlord  
  35  3:16  Drone  
  35  3:17  Drone  
  40  3:25  Zergling x2  
  40  3:27  Roach Warren  
  40  3:28  Drone  
  40  3:34  Drone  
  42  3:36  Baneling  
  42  3:37  Drone  
  42  3:38  Drone x3  
  42  3:39  Drone  
  47  3:45  Zergling x2  
  47  3:47  Queen  
  50  3:54  Drone  
  51  3:57  Extractor  
  51  3:59  Overlord  
  51  4:00  Drone x2  
  52  4:08  Drone  
  52  4:09  Drone x2  
  58  4:10  Roach x2  
  58  4:11  Overlord  
  58  4:14  Baneling x2  
  58  4:17  Overlord  
  58  4:20  Roach  
  58  4:23  Roach x2  
  63  4:28  Roach  
  63  4:29  Overlord  
  65  4:33  Roach  
  65  4:34  Roach  
  65  4:37  Drone x2  
  70  4:44  Overlord  
  70  4:47  Roach x3  
  70  4:48  Drone x2  
  77  4:55  Drone  
  77  4:56  Drone, Extractor  
  77  4:59  Roach x2  
  82  5:00  Roach  
  82  5:01  Overlord  
  84  5:08  Drone x2  
  84  5:10  Overlord  
  86  5:15  Overlord  
  86  5:21  Roach x4  
  94  5:22  Roach  
  96  5:29  Evolution Chamber  
  96  5:31  Overlord  
  96  5:32  Drone x2  
  96  5:35  Drone  
  98  5:36  Drone x2  
  98  5:39  Drone  
  101  5:46  Roach x3  
  101  5:47  Roach  
  101  5:48  Spine Crawler  
  107  5:52  Spine Crawler, Roach  
  107  5:54  Spine Crawler  
  107  5:56  Zergling x2, Roach x2  
  112  6:01  Roach x2  
  116  6:04  Roach  
  116  6:05  Roach  
  116  6:07  Overlord  
  114  6:11  Lair  
  114  6:13  Drone  
  114  6:15  Drone  
  114  6:18  Drone, Overlord  
  115  6:22  Drone x2  
  115  6:28  Drone, Roach  
  115  6:29  Drone  
  114  6:34  Zerg Missile Weapons Level 1  
  114  6:35  Drone  
  114  6:38  Drone  
  111  6:40  Drone  
  111  6:45  Drone  
  112  6:47  Drone  
  112  6:49  Drone  
  112  6:56  Drone  
  112  7:00  Drone x2  
  115  7:08  Roach  
  117  7:10  Drone, Glial Reconstitution  
  117  7:12  Overseer  
  117  7:13  Roach  
  120  7:16  Extractor  
  120  7:17  Overlord  
  120  7:20  Roach  
  121  7:23  Drone  
  121  7:25  Overseer  
  121  7:27  Roach x3  
  121  7:29  Overlord  
  128  7:32  Roach  
  128  7:34  Drone  
  128  7:36  Drone  
  132  7:37  Pneumatized Carapace  
  132  7:38  Drone x4  
  132  7:39  Drone  
  132  7:42  Drone  
  132  7:43  Extractor  
  137  7:44  Overlord  
  137  7:45  Drone, Extractor  
  137  7:49  Hatchery  
  136  7:55  Roach x5  
  136  7:56  Overlord  
  146  8:03  Drone  
  147  8:11  Drone x3  
  150  8:13  Roach x2  
  150  8:15  Hatchery  
  150  8:17  Drone  
  150  8:18  Roach x3, Hydralisk Den  
  150  8:19  Roach  
  162  8:21  Hydralisk Den  
  162  8:26  Roach x3  
  167  8:29  Overlord  
  165  8:36  Zerg Missile Weapons Level 2  
  165  8:37  Drone x2  
  165  8:40  Overlord  
  167  8:51  Grooved Spines  
  167  8:52  Hydralisk  
  167  8:53  Hydralisk x3, Overseer  
  175  8:57  Hydralisk  
  175  8:58  Hydralisk  
  175  9:01  Spore Crawler  
  175  9:02  Overlord  
  178  9:04  Drone x3  
  178  9:07  Hydralisk  
  179  9:11  Spore Crawler  
  179  9:15  Roach x6  
  186  9:18  Roach x2  
  186  9:20  Overlord  
  188  9:26  Roach x3  
  188  9:30  Roach  
  192  9:31  Overlord  
  192  9:37  Roach x4  
  178  9:39  Roach  
  178  9:45  Muscular Augments, Roach x2  
  176  9:47  Ravager  
  177  9:54  Roach x4  
  177  9:56  Roach x2  
  189  10:02  Roach x3  
  189  10:05  Overlord  
  195  10:08  Roach x2  
  195  10:10  Ravager  
  200  10:18  Burrow  
  200  10:24  Tunneling Claws  
  200  10:32  Roach x4  
  183  10:35  Roach  
  183  10:36  Roach x3  
  183  10:38  Roach  
  183  10:39  Roach x2  
  183  10:41  Roach  
  164  10:43  Roach  
  164  10:44  Roach  
  164  10:47  Roach x2  
  149  10:50  Roach x2  
  149  10:51  Drone x3  
  149  10:52  Spore Crawler  
  149  10:53  Extractor, Roach  
  149  10:55  Roach x2  
  149  10:57  Roach  
  146  10:59  Hydralisk  
  129  11:04  Roach x2  
  129  11:07  Queen  
  129  11:10  Hydralisk x2  
  131  11:13  Roach  
  131  11:14  Roach  
  131  11:17  Roach  
  131  11:19  Hydralisk  
  131  11:22  Roach x2  
  137  11:26  Roach  
  137  11:28  Roach  
  137  11:29  Hydralisk  
  137  11:31  Roach  
  145  11:34  Roach x2  
  145  11:35  Roach  
  145  11:39  Roach x4  
  155  11:42  Roach  
  155  11:49  Roach x4  
  155  11:50  Roach  
  155  11:54  Roach  
  161  12:02  Roach x4  
  161  12:05  Roach x4  
  177  12:09  Roach x3  
  177  12:12  Roach  
  177  12:14  Roach  
  185  12:21  Roach x2  
  185  12:24  Roach  
  185  12:25  Roach  
  185  12:29  Roach  
  191  12:30  Roach  
  191  12:34  Roach  
  191  12:36  Ravager x3  
  191  12:37  Ravager x2  
  199  12:42  Roach  
  200  12:45  Spine Crawler x2  
  200  12:48  Roach x2  
  200  13:00  Lurker Den  
Tags
 
Add a new tag
Caveats
  • Supply blocks, unpowered buildings, or Contaminate may cause inaccurate times.
  • Supply counts are checked every 10 seconds.